 Dungeon Crawl Stone Soup version 0.31-a0-672-g7da72447bb (webtiles) character file.

Game seed: 2706999854088327327

49 Dirtsage the Changeling (level 3, -1/20 (23) HPs)
             Began as an Octopode Shapeshifter on Sept 4, 2023.
             Slain by Terence
             ... wielding a +1 flail of draining
              (5 damage)
             ... on level 2 of the Dungeon.
             The game lasted 00:02:24 (687 turns).

Dirtsage the Changeling (Octopode Shapeshifter)      Turns: 687, Time: 00:02:25

HP:   -1/20 (23)    AC:  1    Str: 15    XL:     3   Next: 75%
MP:   3/3           EV: 13    Int: 12    God:
Gold: 96            SH:  0    Dex: 11    Spells: 2/2 levels left

rFire   . .          .
                       - Unarmed
rCold   + . .        (no shield)
rNeg    . . .        (helmet currently unavailable)
rPois   .            (no amulet)
rElec   .            I - ring of protection from cold
rCorr   .            (no ring)
SInv    .            (no ring)
Will    .....        (no ring)
Stlth   ++           (no ring)
HPRegen 0.23/turn    (no ring)
MPRegen 0.08/turn    (no ring)
                     (no ring)

%: no passive effects
@: beast-form, heavily drained
A: beast (slay +2), almost no armour, amphibious, 8 rings, camouflage 1,
gelatinous body 1, (nimble swimmer 1), tentacles
a: Begin Untransformation


You were on level 2 of the Dungeon.
You were a hulking beast.
You visited 1 branch of the dungeon, and saw 2 of its levels.

You collected 96 gold pieces.

Inventory:

Armour
 g - a +1 hat
Jewellery
 I - a ring of protection from cold (left tentacle)
Talismans
 b - a beast talisman (active)
 c - a flux talisman
Scrolls
 e - 2 scrolls of enchant armour {unknown}
 f - a scroll of poison {unknown}
 i - a scroll of butterflies {unknown}
Potions
 a - a potion of lignification
 d - a potion of degeneration {unknown}
 h - a potion of heal wounds {unknown}
 j - a potion of cancellation {unknown}


   Skills:
 - Level 1.0 Fighting
 - Level 2.0 Dodging
 + Level 3.6 Unarmed Combat
 * Level 3.9 Shapeshifting


You had 2 spell levels left.
You didn't know any spells.
Your spell library contained the following spells:

 Spells                   Type           Power      Damage    Failure   Level
 Hailstorm                Conj/Ice       0%         3d3       69%         3
 Summon Ice Beast         Ice/Summ       0%         N/A       97%         4
 Simulacrum               Ice/Necr       0%         N/A       100%        6


Dungeon Overview and Level Annotations

Branches:
Dungeon (2/15)

Altars:

Shops:
D:2 (

Annotations:
D:2 Terence


Innate Abilities, Weirdness & Mutations

You are a hulking beast.
Your limbs bulge with bestial killing power. (Slay +2)
You cannot wear most types of armour.
You are amphibious.
You can wear up to eight rings at the same time.
Your skin changes colour to match your surroundings (Stealth+).
Your rubbery body absorbs attacks. (AC +1, EV +1)
((You are camouflaged when in or above water. (Stealth+)))
You have tentacles for arms and can constrict up to eight enemies at once.


Message History

You tentacle-slap the ball python.
You kill the ball python!
You closely miss the quokka. Your grab misses the quokka.
The quokka barely misses you.
You tentacle-slap the quokka. Your grab misses the quokka.
Your squeeze misses the quokka.
The quokka is lightly wounded.
The quokka misses you. x2
You tentacle-slap the quokka. You grab the quokka. You squeeze the quokka.
You kill the quokka!
No target in view!
Found Dupnoam's Antique Weapon Shoppe.
There is an entrance to Dupnoam's Antique Weapon Shoppe here.
Terence the Incautious comes into view.
He is wielding a +1 flail of draining.
You tentacle-slap Terence. You grab Terence. You squeeze Terence.
Terence is moderately wounded.
You constrict Terence.
Terence hits you with a +1 flail of draining.
You feel drained.
You take 6 damage, and have 17/22 hp.
MASSIVE DAMAGE!!
You tentacle-slap Terence.
Terence is heavily wounded.
You constrict Terence, but do no damage.
Terence hits you with a +1 flail of draining!
Ouch! That really hurt!
* * * LOW HITPOINT WARNING * * *
You feel drained.
* * * LOW HITPOINT WARNING * * *
You take 13 damage, and have 4/20 hp.
MASSIVE DAMAGE!!
You tentacle-slap Terence but do no damage.
Terence is heavily wounded.
You constrict Terence, but do no damage.
Terence says, "How do you enjoy it?" Terence closely misses you.
You tentacle-slap Terence but do no damage.
You squeeze Terence!
Terence is almost dead.
You constrict Terence, but do no damage.
Terence hits you with a +1 flail of draining.
You die...

##### #...
##########.#
#####♣.∩#.......####.#
.<.##...# #....h@...#
...##..♣# #.#######.#
...##.######.#
...##.##.....#
...##.##.#####
.........# ...##.####
#####.# #.#


You could see Terence.

Vanquished Creatures
  A dart slug (D:1)
  2 ball pythons
  4 endoplasms (D:1)
  3 giant cockroaches (D:1)
  2 goblins (D:1)
  6 hobgoblins (D:1)
  6 jackals (D:1)
  2 kobolds (D:1)
  5 quokkas
  3 frilled lizards (D:1)
  4 rats (D:1)
38 creatures vanquished.

Notes
Turn   | Place    | Note
-------+----------+-------------------------------------------
     0 | D:1      | Dirtsage the Octopode Shapeshifter began the quest for the
                  | Orb.
     0 | D:1      | Reached XP level 1. HP: 13/13 MP: 1/1
    71 | D:1      | Reached XP level 2. HP: 15/18 MP: 2/2
   202 | D:1      | Reached XP level 3. HP: 23/23 MP: 3/3
   656 | D:2      | Found Dupnoam's Antique Weapon Shoppe.
   679 | D:2      | Noticed Terence
   687 | D:2      | Slain by Terence

Illustrated notes

Levels and vault maps discovered:
D:1:      dpeg_arrival_rooms_c, layout_rooms, minmay_tetromino_i4
D:2:      layout_loops_ring, basic_altar, serial_shops,
          nicolae_shop_pleasant_corner_grove,
          hangedman_abyss_or_decor_lesser_grid, chequers_serial_rivers_small_3,
          uniq_terence

Action                     || total
---------------------------++-------
  Melee: Unarmed           ||    73
         Tentacles         ||    14
         Constrict         ||    12
         Punch             ||     2
   Stab: Sleeping          ||     1
 Armour: Skin              ||    24
  Dodge: Dodged            ||    38

Table legend: (Time is in decaauts)
 A = Elapsed time spent in this place.
 B = Non-inter-level travel time spent in this place.
 C = Inter-level travel time spent in this place.
 D = Time resting spent in this place.
 E = Time spent auto-exploring this place.
 F = Levels seen in this place.
 G = Mean time per level.
                   A        B        C        D        E       F      G
               +--------+--------+--------+--------+--------+-----+--------+
         Total |    681 |    660 |     21 |      0 |    473 |   2 |  340.5 |
       Dungeon |    681 |    660 |     21 |      0 |    473 |   2 |  340.5 |
               +--------+--------+--------+--------+--------+-----+--------+

Top non-repeatable levels by time:
     D:1: 639 daAuts
     D:2: 42 daAuts
